 Dungeon Crawl Stone Soup version 0.30-a0-652-gcc886f7154 (webtiles) character file.

Game seed: 14027955255348826485

1461 NinjaNoafa the Shield-Bearer (level 8, 0/71 HPs)
             Began as a Hill Orc Fighter on Jan 17, 2023.
             Was a Follower of Zin.
             Succumbed to a gnoll sergeant's poison
             ... on level 5 of the Dungeon.
             The game lasted 00:07:04 (4272 turns).

NinjaNoafa the Shield-Bearer (Hill Orc Fighter)     Turns: 4272, Time: 00:07:05

Health: 0/71       AC:  9    Str: 20    XL:     8   Next: 77%
Magic:  8/8        EV:  9    Int:  5    God:    Zin [*.....]
Gold:   100        SH:  6    Dex: 14    Spells: 7/7 levels left

rFire   . . .      SeeInvis +    x - +10 hand axe "Wearosob" {freeze, rC+ rCorr Int-2 SInv}
rCold   + + .      Faith    .    c - +0 buckler
rNeg    . . .      Spirit   .    b - +0 scale mail
rPois   +          Reflect  .    l - +1 helmet
rElec   +          Harm     .    (no cloak)
rCorr   +          Rampage  .    (no gloves)
Will    .....                    (no boots) Stlth
                                 (no amulet)
HPRegen 0.31/turn                p - +4 ring of slaying
MPRegen 0.11/turn                (no ring)

@: brilliant, lethally poisoned (0 -> -13), resistant
A: talons 1, agile 1, heat vulnerability 1
a: Renounce Religion, Recite, Donate Gold


You were on level 5 of the Dungeon.
You worshipped Zin.
Zin was aware of your devotion.
You visited 2 branches of the dungeon, and saw 6 of its levels.
You also visited: Sewer.

You collected 224 gold pieces.
You donated 124 gold pieces to Zin.

Inventory:

Hand Weapons
 a - a +0 war axe
 x - the +10 hand axe "Wearosob" (weapon) {freeze, rC+ rCorr Int-2 SInv}
   (You found it on level 3 of the Dungeon)

   Int:       It affects your intelligence (-2).
   rC:        It protects you from cold.
   SInv:      It lets you see invisible.
   rCorr:     It protects you from acid and corrosion.
Missiles
 h - 2 javelins
 t - 5 poisoned darts (quivered)
Armour
 b - a +0 scale mail (worn)
 c - a +0 buckler (worn)
 l - a +1 helmet (worn)
Jewellery
 p - a +4 ring of slaying (left hand)
 v - a +6 ring of dexterity
Scrolls
 j - 2 scrolls of teleportation
 n - 2 scrolls of immolation
 q - 3 scrolls of fear {unknown}
 r - a scroll of amnesia {unknown}
 w - a scroll of vulnerability {unknown}
 y - a scroll of blinking
Potions
 d - a potion of might
 f - a potion of heal wounds {unknown}
 g - a potion of resistance
 i - a potion of curing {unknown}
 k - a potion of brilliance
 m - 2 potions of flight
 o - a potion of ambrosia {unknown}
 s - a potion of invisibility {unknown}
 u - a potion of attraction {unknown}
Miscellaneous
 A - a condenser vane


   Skills:
 + Level 6.7 Fighting
 + Level 6.7 Axes
 + Level 6.2 Armour
 * Level 7.9 Shields


You had 7 spell levels left.
You didn't know any spells.
Your spell library contained the following spells:

 Spells                   Type           Power      Damage    Failure   Level
 Beastly Appendage        Tmut           0%         N/A       86%         1
 Wereblood                Tmut           0%         N/A       95%         2
 Spider Form              Tmut/Pois      0%         N/A       99%         3


Dungeon Overview and Level Annotations

Branches:
Dungeon (5/15)             Temple (1/1) D:5           Sewer (visited)

Altars:
Cheibriados
Dithmenos
Elyvilon
Hepliaklqana
Kikubaaqudgha
Makhleb
Okawaru
Qazlal
Ru
Sif Muna
Trog
Uskayaw
Vehumet
Wu Jian
Xom
Yredelemnul
Zin


Innate Abilities, Weirdness & Mutations

You have sharp toenails.
You are agile. (Dex +4, Str/Int -1)
You are vulnerable to heat. (rF-)


Message History

A gnoll comes into view. It is wielding a +0 whip.
There is a fountain of clear blue water here.
A gnoll comes into view. It is wielding a +0 flail.
The gnoll shouts!
You hear an angry growl.
A water moccasin comes into view.
An iguana comes into view.
The gnoll sergeant hits you with a +4 spear of venom!
You are poisoned.
A gnoll comes into view. It is wielding a +0 flail.
You slash the gnoll sergeant! You freeze the gnoll sergeant.
The gnoll sergeant is severely wounded.
You feel very sick.
The gnoll sergeant hits you with a +4 spear of venom.
* * * LOW HITPOINT WARNING * * *
You feel sick.
The gnoll sergeant hits you from afar with a +4 spear of venom.
* * * LOW HITPOINT WARNING * * *
You are lethally poisoned!
A gnoll comes into view. It is wielding a +0 club.
It was a potion of brilliance.
You feel clever all of a sudden.
* * * LOW HITPOINT WARNING * * *
You feel very sick.
The gnoll shouts!
You block the gnoll sergeant's attack.
A black bear comes into view.
Okay, then.
You feel protected.
* * * LOW HITPOINT WARNING * * *
You feel very sick.
The black bear growls angrily.
The gnoll sergeant barely misses you.
Okay, then.
Okay, then.
Okay, then.
Okay, then.
It was a potion of mutation.
You feel extremely strange.
You feel agile.
Your toenails lengthen and sharpen.
You feel vulnerable to heat.
Zin forgives your inadvertent chaotic act, just this once.
You die...

#. #.# ###.####<#
.......#.###.#
#...........#
#...#...#...# #..
#.⌠.#...#
#.###...###.#
#######...........#
......?.@⌠).>..⌠..#
........g.........#
...#..gS###...###...
##g... #.⌠.# ...
#.g....#...# ..
..lg..........
.h............#.
.........#..####
.§≈§§≈.≈§#..#


You could see a water moccasin, a black bear, a gnoll sergeant, an iguana and 4
gnolls.

Vanquished Creatures
  Pikel (D:5)
  Eustachio (D:4)
  A water moccasin (Temple)
  A lemure (Temple)
  A phantom (D:4)
  2 bullfrogs (Sewer)
  A scorpion (D:4)
  A hound (D:4)
  3 orc priests
  Natasha (twice) (D:2)
  An iguana (D:4)
  3 orc wizards
  3 gnolls (Temple)
  6 adders
  An ufetubus (D:5)
  A worm (D:4)
  4 dart slugs
  15 orcs
  9 ball pythons
  4 bats
  8 endoplasms
  11 giant cockroaches
  4 goblins (D:1)
  11 hobgoblins
  5 jackals
  8 quokkas
  9 frilled lizards
  10 kobolds
  2 rats
129 creatures vanquished.

Notes
Turn   | Place    | Note
-------+----------+-------------------------------------------
     0 | D:1      | NinjaNoafa the Hill Orc Fighter began the quest for the
                  | Orb.
     0 | D:1      | Reached XP level 1. HP: 19/19 MP: 1/1
    35 | D:1      | Reached XP level 2. HP: 25/27 MP: 2/2
   409 | D:1      | Reached XP level 3. HP: 33/33 MP: 3/3
   661 | D:2      | Reached XP level 4. HP: 22/40 MP: 4/4
   922 | D:2      | Noticed Natasha
   925 | D:2      | Reached skill level 4 in Shields
   927 | D:2      | Killed Natasha
  1281 | D:2      | Noticed Natasha
  1286 | D:2      | Killed Natasha
  1287 | D:2      | Reached XP level 5. HP: 46/47 MP: 5/5
  1636 | D:3      | Found a faded altar of an unknown god.
  1789 | D:3      | Reached XP level 6. HP: 41/55 MP: 6/6
  1794 | D:3      | Reached skill level 5 in Shields
  2121 | D:3      | Identified the +10 hand axe "Wearosob" {freeze, rC+ rCorr
                  | Int-2 SInv}
  2183 | D:3      | Found an ancient bone altar of Kikubaaqudgha.
  2509 | D:4      | Reached skill level 5 in Fighting
  2625 | D:4      | Reached XP level 7. HP: 52/61 MP: 7/7
  2697 | D:4      | Found a basalt altar of Yredelemnul.
  2698 | D:4      | Found an ornate altar of the Wu Jian Council.
  2698 | D:4      | Noticed Eustachio
  2705 | D:4      | Killed Eustachio
  2706 | D:4      | Reached skill level 5 in Axes
  2706 | D:4      | Reached skill level 5 in Armour
  2706 | D:4      | Reached skill level 6 in Shields
  2832 | D:4      | Found a glowing drain.
  2848 | Sewer    | Entered a sewer
  3508 | D:4      | Found a hazy altar of Hepliaklqana.
  3697 | D:4      | Reached XP level 8. HP: 69/70 MP: 8/8
  3877 | D:5      | Entered Level 5 of the Dungeon
  3877 | D:5      | Found a staircase to the Ecumenical Temple.
  3888 | Temple   | Entered the Ecumenical Temple
  4092 | Temple   | Became a worshipper of Zin the Law-Giver
  4092 | Temple   | Reached * piety under Zin
  4093 | Temple   | Donated 102 gold pieces to Zin
  4243 | D:5      | Noticed Pikel
  4251 | Temple   | Reached skill level 7 in Shields
  4262 | D:5      | Killed Pikel
  4271 | D:5      | HP: 2/71 [poisoned by a gnoll sergeant]
  4272 | D:5      | Gained mutation: You are agile. (Dex +4, Str/Int -1)
                  | [potion of mutation]
  4272 | D:5      | Gained mutation: You have sharp toenails. [potion of
                  | mutation]
  4272 | D:5      | Gained mutation: You are vulnerable to heat. (rF-) [potion
                  | of mutation]
  4272 | D:5      | Succumbed to a gnoll sergeant's poison

Illustrated notes

Levels and vault maps discovered:
D:1:      eino_arrival_water_star, layout_rooms
D:2:      layout_basic, chequers_serial_rivers_micro_b, uniq_natasha
D:3:      layout_basic, mainiacjoe_overflow_alcove_2, basic_ecumenical_altar,
          dk_noncrumbling_4
D:4:      cheibrodos_helix_gallery, layout_loops_ring,
          worldfamousw_hep_ancestral_shrine, gammafunk_temple_overflow_pools,
          cheibrodos_sewer_entry_bend, nrook_uturn, uniq_eustachio
D:5:      layout_loops_cross, mainiacjoe_overflow_concentric_impassable,
          mainiacjoe_overflow_cross_hatched, minmay_temple_entry_junction_2,
          uniq_blork_the_orc, uniq_pikel
Temple:   hellmonk_temple_forest_ring

Skill      XL: |  1  2  3  4  5  6  7  8 |
---------------+-------------------------+-----
Axes           | 3 4 5 6 |  6.7
Fighting       | 4 5 6 |  6.7
Shields        | 4 5 6 7 |  7.9
Armour         | 4 5 6 |  6.2

Action                   |  1- 3 |  4- 6 |  7- 9 || total
-------------------------+-------+-------+-------++-------
Melee: War axe           |    75 |    58 |       ||   133
       Hand axe          |       |    46 |    81 ||   127
Throw: Javelin           |       |     2 |       ||     2
Invok: Donate Gold       |       |       |     1 ||     1
  Use: Scroll            |       |     3 |     1 ||     4
       Potion            |       |       |     4 ||     4
Armor: Scale mail        |    49 |    39 |    38 ||   126
Dodge: Dodged            |    38 |    33 |    37 ||   108
Block: Buckler           |    22 |    21 |    23 ||    66

Table legend: (Time is in decaauts)
 A = Elapsed time spent in this place.
 B = Non-inter-level travel time spent in this place.
 C = Inter-level travel time spent in this place.
 D = Time resting spent in this place.
 E = Time spent auto-exploring this place.
 F = Levels seen in this place.
 G = Mean time per level.
                   A        B        C        D        E       F      G
               +--------+--------+--------+--------+--------+-----+--------+
         Total |   4470 |   4270 |    200 |      0 |   3152 |   7 |  638.6 |
       Dungeon |   3420 |   3250 |    170 |      0 |   2428 |   5 |  684.0 |
        Temple |    354 |    324 |     30 |      0 |    284 |   1 |  354.0 |
         Sewer |    695 |    695 |      0 |      0 |    440 |   1 |  695.0 |
               +--------+--------+--------+--------+--------+-----+--------+

Top non-repeatable levels by time:
     D:3: 1013 daAuts
     D:4: 965 daAuts
     D:2: 901 daAuts
   Sewer: 695 daAuts
     D:1: 495 daAuts
  Temple: 354 daAuts
     D:5: 44 daAuts
